TOP OF THE 1ST |
Mexico City Cerveceros batting - Pitching for San Jose Missions : RHP Al Bernhardt
|
Pitching: RHP Al Bernhardt
|
|
Batting: LHB John Nicholson
|
0-0: Called Strike 0-1: Ball 1-1: Fly out, F6 (Flyball, 6MD)
|
Batting: RHB Robert Johnson
|
0-0: Called Strike 0-1: Ball 1-1: Ball 2-1: Swinging Strike 2-2: Strikes out swinging
|
Batting: RHB Arnold Harmon
|
0-0: Ball 1-0: Swinging Strike 1-1: Ball 2-1: Foul Ball, location: 2F 2-2: Strikes out looking
|
Top of the 1st over - 0 run(s), 0 hit(s), 0 error(s), 0 left on base; Mexico City 0 - San Jose 0 |
BOTTOM OF THE 1ST |
San Jose Missions batting - Pitching for Mexico City Cerveceros : LHP Columbo Briatori
|
Pitching: LHP Columbo Briatori
|
|
Batting: RHB Emílio Bruno
|
0-0: Foul Ball, location: 2F 0-1: Fly out, F9 (Line Drive, 89S)
|
Batting: RHB Ed Starr
|
0-0: Called Strike 0-1: Ball 1-1: Foul Ball, location: 2F 1-2: DOUBLE (Flyball, 8LM)
|
Batting: RHB Dale Taylor
|
0-0: Ball 1-0: Ball 2-0: Called Strike 2-1: Foul Ball, location: 2F 2-2: SINGLE (Flyball, 89S) Ed Starr to third Runner from 3rd tries for Home, SAFE, throw made home
|
Batting: RHB Bob Orr
|
0-0: Ball 1-0: Ball 2-0: Swinging Strike 2-1: Swinging Strike 2-2: Foul Ball, location: 2F 2-2: Strikes out swinging
|
Batting: RHB Chang-geun Kim
|
0-0: Ball 1-0: Ball Balk! Dale Taylor to second 2-0: Fly out, F8 (Flyball, 89M)
|
Bottom of the 1st over - 1 run(s), 2 hit(s), 0 error(s), 1 left on base; Mexico City 0 - San Jose 1 |
TOP OF THE 2ND |
Mexico City Cerveceros batting - Pitching for San Jose Missions : RHP Al Bernhardt
|
Batting: RHB Hamilton Holbrook
|
0-0: Ball 1-0: SINGLE (Groundball, 34S) (infield hit)
|
Batting: RHB Murai Ishihara
|
0-0: 2-RUN HOME RUN (Line Drive, 7LD), Distance : 374 ft
|
Batting: RHB Dennis Stephenson
|
0-0: Called Strike 0-1: SINGLE (Groundball, 25) (infield hit)
|
Batting: RHB Dave Morgan
|
0-0: Ball 1-0: Ball 2-0: Called Strike 2-1: Fly out, F8 (Flyball, 8LM)
|
Batting: RHB Roberto Zamora
|
0-0: Foul Ball, location: 2F 0-1: Ball 1-1: Ball 2-1: Swinging Strike 2-2: Strikes out swinging
|
Batting: LHB Don Soper
|
0-0: Foul Ball, location: 2F 0-1: Foul Ball, location: 2F 0-2: Strikes out swinging
|
Top of the 2nd over - 2 run(s), 3 hit(s), 0 error(s), 1 left on base; Mexico City 2 - San Jose 1 |
BOTTOM OF THE 2ND |
San Jose Missions batting - Pitching for Mexico City Cerveceros : LHP Columbo Briatori
|
Batting: RHB Scott Merritt
|
0-0: Ball 1-0: Foul Ball, location: 2F 1-1: Ball 2-1: Fly out, F9 (Flyball, 9S)
|
Batting: RHB Andrew Benson
|
0-0: Ball 1-0: Foul Ball, location: 2F 1-1: Ball 2-1: Ball 3-1: Foul Ball, location: 2F 3-2: Foul Ball, location: 2F 3-2: Base on Balls
|
Batting: RHB Armando López
|
0-0: Ball 1-0: Ball 2-0: Ball Wild Pitch! Andrew Benson to second 3-0: Called Strike 3-1: Called Strike 3-2: Base on Balls
|
Batting: LHB Wilson Vecino
|
0-0: Ball 1-0: Called Strike 1-1: Ball 2-1: Ball 3-1: Base on Balls Andrew Benson to third Armando López to second
|
Batting: RHB Emílio Bruno
|
0-0: Ball 1-0: Ball Wild Pitch! Andrew Benson scores Armando López to third Wilson Vecino to second 2-0: Called Strike 2-1: Swinging Strike 2-2: DOUBLE (Line Drive, 78M) Armando López scores Wilson Vecino scores
|
Batting: RHB Ed Starr
|
0-0: Ball 1-0: Swinging Strike 1-1: Ball 2-1: Ball 3-1: Foul Ball, location: 2F 3-2: Strikes out swinging
|
Batting: RHB Dale Taylor
|
0-0: Ball 1-0: 2-RUN HOME RUN (Flyball, 78XD), Distance : 415 ft
|
Batting: RHB Bob Orr
|
0-0: SINGLE (Groundball, 4D)
|
Batting: RHB Chang-geun Kim
|
0-0: Ball 1-0: Foul Ball, location: 2F 1-1: Ball 2-1: Foul Ball, location: 2F 2-2: Fly out, F9 (Flyball, 9)
|
Bottom of the 2nd over - 5 run(s), 3 hit(s), 0 error(s), 1 left on base; Mexico City 2 - San Jose 6 |
TOP OF THE 3RD |
Mexico City Cerveceros batting - Pitching for San Jose Missions : RHP Al Bernhardt
|
Batting: LHB John Nicholson
|
0-0: Foul Ball, location: 2F 0-1: Foul Ball, location: 2F 0-2: Ball 1-2: Foul Ball, location: 2F 1-2: Strikes out swinging
|
Batting: RHB Robert Johnson
|
0-0: Called Strike 0-1: Foul Ball, location: 2F 0-2: Ball 1-2: Foul Ball, location: 2F 1-2: Ground out 5-3 (Groundball, 5S)
|
Batting: RHB Arnold Harmon
|
0-0: Ball 1-0: Ball 2-0: Foul Ball, location: 2F 2-1: Called Strike 2-2: Ball 3-2: Fly out, F9 (Flyball, 9)
|
Top of the 3rd over - 0 run(s), 0 hit(s), 0 error(s), 0 left on base; Mexico City 2 - San Jose 6 |
BOTTOM OF THE 3RD |
San Jose Missions batting - Pitching for Mexico City Cerveceros : LHP Columbo Briatori
|
Pitching: RHP Troy Hawkins
|
|
Batting: RHB Scott Merritt
|
0-0: Called Strike 0-1: Swinging Strike 0-2: Fly out, F5 (Popup, 5S)
|
Batting: RHB Andrew Benson
|
0-0: Called Strike 0-1: Ball 1-1: Swinging Strike 1-2: Fly out, F9 (Flyball, 9LM)
|
Batting: RHB Armando López
|
0-0: Ball 1-0: Called Strike 1-1: Foul Ball, location: 2F 1-2: Foul Ball, location: 2F 1-2: Ground out 5-3 (Groundball, 56S)
|
Bottom of the 3rd over - 0 run(s), 0 hit(s), 0 error(s), 0 left on base; Mexico City 2 - San Jose 6 |
TOP OF THE 4TH |
Mexico City Cerveceros batting - Pitching for San Jose Missions : RHP Al Bernhardt
|
Batting: RHB Hamilton Holbrook
|
0-0: Swinging Strike 0-1: Ball 1-1: Ball 2-1: Swinging Strike 2-2: Strikes out swinging
|
Batting: RHB Murai Ishihara
|
0-0: Foul Ball, location: 2F 0-1: SINGLE (Groundball, 6MD)
|
Batting: RHB Dennis Stephenson
|
0-0: Called Strike 0-1: Ball 1-1: Ball 2-1: Foul Ball, location: 2F 2-2: Strikes out swinging
|
Batting: RHB Dave Morgan
|
0-0: Foul Ball, location: 2F 0-1: Ball 1-1: Ball 2-1: Foul Ball, location: 2F 2-2: 2-RUN HOME RUN (Flyball, 8LXD), Distance : 443 ft
|
Batting: RHB Roberto Zamora
|
0-0: Called Strike 0-1: Swinging Strike 0-2: Hit by Pitch, AND HE CHARGES THE MOUND! The benches clear!
|
Pitching: RHP Mark Bidwell
|
|
Pinch Runner at 1st Javier Escobedo:
|
|
Batting: LHB Don Soper
|
0-0: Ball 1-0: Hit by Pitch Javier Escobedo to second
|
Batting: LHB John Nicholson
|
0-0: Ball 1-0: Foul Ball, location: 2F 1-1: Foul Ball, location: 2F 1-2: Ball 2-2: Ball 3-2: Fly out, F7 (Line Drive, 7S)
|
Top of the 4th over - 2 run(s), 2 hit(s), 0 error(s), 2 left on base; Mexico City 4 - San Jose 6 |
BOTTOM OF THE 4TH |
San Jose Missions batting - Pitching for Mexico City Cerveceros : RHP Troy Hawkins
|
Now at SS: Javier Escobedo
|
|
Batting: LHB Wilson Vecino
|
0-0: Ball 1-0: Called Strike 1-1: Foul Ball, location: 2F 1-2: Ball 2-2: Fly out, F8 (Flyball, 8RS)
|
Batting: RHB Emílio Bruno
|
0-0: Called Strike 0-1: Ball 1-1: Foul Ball, location: 2F 1-2: SINGLE (Flyball, 78S)
|
Batting: RHB Ed Starr
|
0-0: Fly out, F4 (Popup, 34D)
|
Batting: RHB Dale Taylor
|
0-0: Ball Emílio Bruno is caught stealing 2nd base
|
Bottom of the 4th over - 0 run(s), 1 hit(s), 0 error(s), 0 left on base; Mexico City 4 - San Jose 6 |
TOP OF THE 5TH |
Mexico City Cerveceros batting - Pitching for San Jose Missions : RHP Mark Bidwell
|
Batting: RHB Robert Johnson
|
0-0: Foul Ball, location: 2F 0-1: Ground out 5-3 (Groundball, 5)
|
Batting: RHB Arnold Harmon
|
0-0: Fly out, F9 (Flyball, 9S)
|
Batting: RHB Hamilton Holbrook
|
0-0: Called Strike 0-1: Called Strike 0-2: Ground out 6-3 (Groundball, 6)
|
Top of the 5th over - 0 run(s), 0 hit(s), 0 error(s), 0 left on base; Mexico City 4 - San Jose 6 |
BOTTOM OF THE 5TH |
San Jose Missions batting - Pitching for Mexico City Cerveceros : RHP Troy Hawkins
|
Batting: RHB Dale Taylor
|
0-0: Ball 1-0: Ground out 6-3 (Groundball, 56)
|
Batting: RHB Bob Orr
|
0-0: Ball 1-0: Fly out, F8 (Flyball, 8RM)
|
Batting: RHB Chang-geun Kim
|
0-0: Ball 1-0: Ball 2-0: Foul Ball, location: 2F 2-1: Ball 3-1: Fly out, F9 (Flyball, 9LD)
|
Bottom of the 5th over - 0 run(s), 0 hit(s), 0 error(s), 0 left on base; Mexico City 4 - San Jose 6 |
TOP OF THE 6TH |
Mexico City Cerveceros batting - Pitching for San Jose Missions : RHP Mark Bidwell
|
Batting: RHB Murai Ishihara
|
0-0: Ball 1-0: Ball 2-0: SINGLE (Line Drive, 5D)
|
Batting: RHB Dennis Stephenson
|
0-0: Ball 1-0: Ball 2-0: Ball Murai Ishihara steals 2nd base 3-0: Base on Balls
|
Batting: RHB Dave Morgan
|
0-0: Called Strike 0-1: Called Strike 0-2: Grounds into double play, 6-4-3 (Groundball, 6M) Murai Ishihara to third
|
Batting: LHB Javier Escobedo
|
0-0: Ball 1-0: Swinging Strike 1-1: Swinging Strike 1-2: Ball 2-2: Foul Ball, location: 2F 2-2: Ball 3-2: Base on Balls
|
Pitching: RHP Micheal Wood
|
|
Batting: LHB Don Soper
|
0-0: Ball 1-0: Called Strike 1-1: Ball 2-1: Called Strike 2-2: Ball 3-2: Strikes out swinging
|
Top of the 6th over - 0 run(s), 1 hit(s), 0 error(s), 2 left on base; Mexico City 4 - San Jose 6 |
BOTTOM OF THE 6TH |
San Jose Missions batting - Pitching for Mexico City Cerveceros : RHP Troy Hawkins
|
Batting: RHB Scott Merritt
|
0-0: Called Strike 0-1: Ball 1-1: Ground out 5-3 (Groundball, 25)
|
Batting: RHB Andrew Benson
|
0-0: Called Strike 0-1: Fly out, F8 (Flyball, 8LM)
|
Batting: RHB Armando López
|
0-0: Ball 1-0: Foul Ball, location: 2F 1-1: Fly out, F8 (Flyball, 8RM)
|
Bottom of the 6th over - 0 run(s), 0 hit(s), 0 error(s), 0 left on base; Mexico City 4 - San Jose 6 |
TOP OF THE 7TH |
Mexico City Cerveceros batting - Pitching for San Jose Missions : RHP Micheal Wood
|
Batting: LHB John Nicholson
|
0-0: Ball 1-0: Fly out, F8 (Flyball, 8RXD)
|
Batting: RHB Robert Johnson
|
0-0: Called Strike 0-1: Ball 1-1: Ball 2-1: Ball 3-1: Called Strike 3-2: Base on Balls
|
Batting: RHB Arnold Harmon
|
0-0: Fly out, F8 (Flyball, 8RD)
|
Batting: RHB Hamilton Holbrook
|
0-0: Called Strike 0-1: Foul Ball, location: 2F 0-2: Ball 1-2: Ball 2-2: Ball 3-2: Base on Balls Robert Johnson to second
|
Batting: RHB Murai Ishihara
|
0-0: Called Strike 0-1: Swinging Strike 0-2: Strikes out swinging
|
Top of the 7th over - 0 run(s), 0 hit(s), 0 error(s), 2 left on base; Mexico City 4 - San Jose 6 |
BOTTOM OF THE 7TH |
San Jose Missions batting - Pitching for Mexico City Cerveceros : RHP Troy Hawkins
|
Batting: LHB Wilson Vecino
|
0-0: Ball 1-0: Called Strike 1-1: Called Strike 1-2: Ball 2-2: Foul Ball, location: 2F 2-2: DOUBLE (Flyball, 8RD)
|
Batting: RHB Emílio Bruno
|
0-0: SINGLE (Groundball, 6MD) Wilson Vecino to third
|
Batting: RHB Ed Starr
|
0-0: Ball 1-0: Called Strike 1-1: Swinging Strike 1-2: Foul Ball, location: 2F 1-2: Strikes out swinging
|
Pitching: LHP Rubén Rico
|
|
Batting: RHB Dale Taylor
|
0-0: Ball 1-0: Ball 2-0: Called Strike 2-1: Ball 3-1: Fly out, F9 (Flyball, 89S) Runner from 3rd tags up, SCORES, no throw
|
Batting: RHB Bob Orr
|
0-0: Called Strike 0-1: Ball 1-1: Ball 2-1: Ball 3-1: Base on Balls Emílio Bruno to second
|
Batting: RHB Chang-geun Kim
|
0-0: Ball 1-0: Foul Ball, location: 2F 1-1: Ball 2-1: 3-RUN HOME RUN (Flyball, 78XD), Distance : 428 ft
|
Batting: RHB Scott Merritt
|
0-0: Foul Ball, location: 2F 0-1: Ball 1-1: SINGLE (Groundball, 25) (infield hit)
|
Batting: RHB Andrew Benson
|
0-0: Called Strike 0-1: Foul Ball, location: 2F 0-2: Ball 1-2: Ball 2-2: 2-RUN HOME RUN (Flyball, 8LXD), Distance : 441 ft
|
Pitching: LHP Doug Starks
|
|
Batting: RHB Armando López
|
0-0: Called Strike 0-1: Ball 1-1: Ball 2-1: Swinging Strike 2-2: DOUBLE (Line Drive, 5D)
|
Batting: LHB Wilson Vecino
|
0-0: Ball 1-0: Ball 2-0: Ball 3-0: Called Strike 3-1: Called Strike 3-2: Base on Balls
|
Batting: RHB Emílio Bruno
|
0-0: Ball 1-0: Ball 2-0: Ball 3-0: Base on Balls Armando López to third Wilson Vecino to second
|
Batting: RHB Ed Starr
|
0-0: Ball 1-0: Ball 2-0: Ball 3-0: Base on Balls Armando López scores Wilson Vecino to third Emílio Bruno to second
|
Batting: RHB Dale Taylor
|
0-0: Called Strike 0-1: Ball 1-1: Fly out, F8 (Flyball, 8LXD)
|
Bottom of the 7th over - 7 run(s), 6 hit(s), 0 error(s), 3 left on base; Mexico City 4 - San Jose 13 |
TOP OF THE 8TH |
Mexico City Cerveceros batting - Pitching for San Jose Missions : RHP Micheal Wood
|
Pitching: RHP Rafael Ressureio
|
|
Now at 1B: Jim Brown
|
|
Batting: RHB Dennis Stephenson
|
0-0: Foul Ball, location: 2F 0-1: Foul Ball, location: 2F 0-2: Ball 1-2: Fly out, F8 (Flyball, 78M)
|
Batting: RHB Dave Morgan
|
0-0: Ball 1-0: Ground out 6-3 (Groundball, 6)
|
Batting: LHB Javier Escobedo
|
0-0: Called Strike 0-1: Ball 1-1: Ball 2-1: Ball 3-1: Fly out, F9 (Line Drive, 9D)
|
Top of the 8th over - 0 run(s), 0 hit(s), 0 error(s), 0 left on base; Mexico City 4 - San Jose 13 |
BOTTOM OF THE 8TH |
San Jose Missions batting - Pitching for Mexico City Cerveceros : LHP Doug Starks
|
Batting: RHB Bob Orr
|
0-0: Ball 1-0: Called Strike 1-1: Called Strike 1-2: Strikes out swinging
|
Batting: RHB Chang-geun Kim
|
0-0: Called Strike 0-1: Ball 1-1: Fly out, F8 (Flyball, 8RD)
|
Batting: RHB Scott Merritt
|
0-0: Ball 1-0: Called Strike 1-1: Ground out 5-3 (Groundball, 56S)
|
Bottom of the 8th over - 0 run(s), 0 hit(s), 0 error(s), 0 left on base; Mexico City 4 - San Jose 13 |
TOP OF THE 9TH |
Mexico City Cerveceros batting - Pitching for San Jose Missions : RHP Rafael Ressureio
|
Now at SS: Bobby Brewster
|
|
Now in RF: Félix García
|
|
Batting: LHB Don Soper
|
0-0: Foul Ball, location: 2F 0-1: Ball 1-1: Swinging Strike 1-2: Strikes out swinging
|
Batting: LHB John Nicholson
|
0-0: Ball 1-0: Foul Ball, location: 2F 1-1: Swinging Strike 1-2: Strikes out looking
|
Batting: RHB Robert Johnson
|
0-0: Swinging Strike 0-1: Ball 1-1: Foul Ball, location: 2F 1-2: Ball 2-2: Ball 3-2: Base on Balls
|
Batting: RHB Arnold Harmon
|
0-0: Fly out, F6 (Popup, 6MD)
|
Top of the 9th over - 0 run(s), 0 hit(s), 0 error(s), 1 left on base; Mexico City 4 - San Jose 13 |
|